 Seeded DCSS version 0.30.1-3-gfc49f6343a (webtiles) character file.

Game seed: 8049200169454021912 (custom seed)

37 CInkIbrahim the Shield-Bearer (level 3, -2/29 HPs)
             Began as a Formicid Fighter on July 22, 2023.
             Slain by a frilled lizard (3 damage)
             ... on level 1 of the Dungeon.
             The game lasted 00:00:33 (270 turns).

CInkIbrahim the Shield-Bearer (Formicid Fighter)     Turns: 270, Time: 00:00:34

Health: -2/29      AC:  6    Str: 22    XL:     3   Next: 62%
Magic:  3/3        EV:  9    Int:  7    God:
Gold:   32         SH:  5    Dex: 13    Spells: 2/2 levels left

rFire   . . .        a - +0 trident
rCold   . . .        c - +0 buckler
rNeg    . . .        b - +0 scale mail
rPois   .            (helmet unavailable)
rElec   .            (no cloak)
rCorr   .            (no gloves)
SInv    +            (no boots)
Will    .....        (no amulet) Stlth
                     (no ring)
HPRegen 0.24/turn    (no ring)
MPRegen 0.08/turn

%: no passive effects
@: no status effects
A: permanent stasis, dig shafts and tunnels, antennae 3, four strong arms
a: Dig, Shaft Self


You were on level 1 of the Dungeon.
You visited 1 branch of the dungeon, and saw 1 of its levels.

You collected 32 gold pieces.

Inventory:

Hand Weapons
 a - a +0 trident (weapon)
Armour
 b - a +0 scale mail (worn)
 c - a +0 buckler (worn)
Potions
 d - a potion of might
 e - 2 potions of cancellation {unknown}


   Skills:
 - Level 3.2 Fighting
 + Level 3.7 Polearms
 - Level 3.2 Armour
 - Level 4.0 Shields


You had 2 spell levels left.
You didn't know any spells.
Your spell library was empty.

Dungeon Overview and Level Annotations

Branches:
Dungeon (1/15)

Altars:


Innate Abilities, Weirdness & Mutations

You cannot be hasted, slowed, berserked, paralysed or teleported.
You can dig through walls and to a lower floor.
You have a pair of large antennae on your head. (SInv)
Your four strong arms can wield two-handed weapons with a shield.


Message History

There are monsters nearby!
You are too injured to fight recklessly!
There are monsters nearby!
You are too injured to fight recklessly!
There are monsters nearby!
You are too injured to fight recklessly!
You closely miss the gnoll.
The gnoll is moderately wounded.
The frilled lizard bites you but does no damage.
The hobgoblin hits you. You block the gnoll's attack.
You hit the gnoll.
The gnoll is severely wounded.
The hobgoblin hits you but does no damage.
The frilled lizard bites you.
* * * LOW HITPOINT WARNING * * *
The gnoll hits you with a +0 whip.
* * * LOW HITPOINT WARNING * * *
You completely miss the gnoll.
The gnoll is severely wounded.
The hobgoblin closely misses you. The frilled lizard barely misses you.
The gnoll completely misses you.
The frilled lizard bites you but does no damage.
The gnoll barely misses you.
The hobgoblin hits you but does no damage.
You hit the gnoll.
The gnoll is almost dead.
The hobgoblin hits you.
* * * LOW HITPOINT WARNING * * *
The frilled lizard closely misses you. The gnoll hits you with a +0 whip.
* * * LOW HITPOINT WARNING * * *
Unknown command.
You hit the gnoll.
You kill the gnoll!
The frilled lizard bites you but does no damage.
The hobgoblin barely misses you.
You closely miss the rat. The rat closely misses you.
You block the frilled lizard's attack. The hobgoblin hits you.
* * * LOW HITPOINT WARNING * * *
You closely miss the rat. The rat misses you. The frilled lizard bites you.
You die...

#~~~§≈≈§~~~.# #..
#...........# #.#
.......###### #.#
(######.. .# # .. #
#. #######.. { . #.
#........ { .#
##.####.r.....# #
####....!.@g.# #
#......##..l## ##
...#(##.##.### #. # #
#.)#.# #######.
##...# ###.......
#..#########...######
#).......†...###
.r...........#####
.............#


You could see a hobgoblin, a frilled lizard and a rat.

Vanquished Creatures
  A gnoll (D:1)
  2 ball pythons (D:1)
  2 bats (D:1)
  An endoplasm (D:1)
  2 giant cockroaches (D:1)
  3 goblins (D:1)
  2 hobgoblins (D:1)
  4 jackals (D:1)
  3 kobolds (D:1)
  2 quokkas (D:1)
22 creatures vanquished.

Notes
Turn   | Place    | Note
-------+----------+-------------------------------------------
     0 | D:1      | CInkIbrahim the Formicid Fighter began the quest for the
                  | Orb.
     0 | D:1      | Reached XP level 1. HP: 18/18 MP: 1/1
    51 | D:1      | Reached XP level 2. HP: 11/24 MP: 2/2
    82 | D:1      | Found a faded altar of an unknown god.
   221 | D:1      | Reached XP level 3. HP: 29/29 MP: 3/3
   269 | D:1      | HP: 1/29 [hobgoblin (3)]
   270 | D:1      | Slain by a frilled lizard

Illustrated notes

Levels and vault maps discovered:
D:1:      lightli_arrival_boilingwater, layout_rooms,
          shapermc_ecumenical_altar_starsandcircs

Skill      XL: |  1  2 |
---------------+-------+-----
Polearms       | 3 |  3.7
Fighting       | |  3.2
Armour         | |  3.2
Shields        | |  4.0

Action                     || total
---------------------------++-------
  Melee: Trident           ||    67
 Armour: Scale mail        ||    28
  Dodge: Dodged            ||    35
  Block: Buckler           ||    14
